General information
- name: BNet
- type: Ladder team game (AT/RT)
- host: Battle.net
- saver: TEXANS-SUCKLOL
map: Mur'gulOasis
- players: 8
- length: 12:46
- speed: Fast
- version: 1.26 W3XP
- replay type: Public
» download(98 KB)
Players
team 1 (loser)

»
fatboyfartz (
blue | 64 APM | 811 actions | 12:43)
4 Archmage
2 Summon Water Elemental
2 Brilliance Aura
1 Paladin
1 Holy Light
» actions
| Assign group hotkey | 23 | |
| Build / train | 40 | |
| Enter build submenu | 19 | |
| Enter hero's abilities submenu | 5 | |
| Right click | 307 | |
| Select / deselect | 182 | |
| Select group hotkey | 198 | |
| Use ability | 37 | |
811 total
» units
| Peasant | 9 | |
| Footman | 5 | |
| Dragonhawk Rider | 2 | |
| Gryphon Rider | 7 | |
23 total
» upgrades
| Swords | 1 | |
| Armor | 1 | |
| Lumber Harvesting | 1 | |
| Storm Hammers | 1 | |
4 total
» buildings
| Altar of Kings | 1 | |
| Farm | 8 | |
| Barracks | 1 | |
| Scout Tower | 1 | |
| Lumber Mill | 1 | |
| Arcane Tower | 1 | |
| Keep | 1 | |
| Blacksmith | 1 | |
| Arcane Vault | 1 | |
| Castle | 1 | |
| Gryphon Aviary | 2 | |
19 total
» build order
00:04 Altar of Kings
00:05 Farm
00:42 Barracks
01:22 Farm
01:40 Scout Tower
01:53 Lumber Mill
02:08 Farm
02:09 Arcane Tower
03:02 Keep
03:32 Farm
03:39 Blacksmith
03:55 Arcane Vault
04:13 Farm
05:06 Farm
05:09 Farm
05:23 Castle
05:28 Gryphon Aviary
05:33 Gryphon Aviary
09:24 Farm
» items
| Scroll of Regeneration | 2 | |
| Scroll of Town Portal | 1 | |
3 total
55699 (
yellow | 81 APM | 969 actions | 11:55)
3 Archmage
2 Summon Water Elemental
1 Brilliance Aura
» actions
| Assign group hotkey | 19 | |
| Basic commands | 132 | |
| Build / train | 31 | |
| Enter build submenu | 17 | |
| Enter hero's abilities submenu | 3 | |
| Give item / drop item | 2 | |
| Right click | 197 | |
| Select / deselect | 146 | |
| Select group hotkey | 390 | |
| Use ability | 32 | |
969 total
» units
» upgrades
» buildings
| Altar of Kings | 1 | |
| Farm | 8 | |
| Blacksmith | 1 | |
| Barracks | 1 | |
| Lumber Mill | 1 | |
| Scout Tower | 2 | |
| Arcane Tower | 1 | |
| Keep | 1 | |
| Arcane Vault | 1 | |
| Arcane Sanctum | 2 | |
19 total
» build order
00:11 Altar of Kings
00:14 Farm
00:21 Farm
00:58 Blacksmith
01:19 Barracks
01:35 Farm
01:50 Lumber Mill
02:06 Farm
02:50 Scout Tower
02:56 Farm
03:42 Arcane Tower
04:47 Keep
04:55 Farm
05:39 Farm
06:29 Arcane Vault
06:55 Scout Tower
08:29 Farm
09:32 Arcane Sanctum
09:35 Arcane Sanctum
» items

»
navysquid (
red | 115 APM | 1462 actions | 12:39)
3 Dreadlord
2 Vampiric Aura
1 Sleep
» actions
| Assign group hotkey | 15 | |
| Build / train | 40 | |
| Enter build submenu | 10 | |
| Enter hero's abilities submenu | 3 | |
| Right click | 568 | |
| Select / deselect | 413 | |
| Select group hotkey | 386 | |
| Use ability | 27 | |
1462 total
» units
| Acolyte | 2 | |
| Ghoul | 13 | |
| Gargoyle | 4 | |
| Obsidian Statue | 2 | |
| Rifleman | 2 | |
23 total
» upgrades
| Cannibalize | 1 | |
| Creature Attack | 1 | |
| Destroyer Form | 1 | |
3 total
» buildings
| Ziggurat | 4 | |
| Crypt | 1 | |
| Nerubian Tower | 1 | |
| Altar of Darkness | 1 | |
| Graveyard | 1 | |
| Tomb of Relics | 1 | |
| Spirit Tower | 2 | |
| Halls of the Dead | 1 | |
| Slaughterhouse | 2 | |
| Black Citadel | 1 | |
15 total
» build order
00:07 Ziggurat
00:35 Crypt
01:03 Nerubian Tower
01:14 Altar of Darkness
01:25 Graveyard
01:56 Ziggurat
02:20 Tomb of Relics
02:51 Ziggurat
03:22 Spirit Tower
05:17 Halls of the Dead
08:09 Slaughterhouse
08:13 Black Citadel
08:16 Ziggurat
09:22 Slaughterhouse
12:32 Spirit Tower
» items
| Rod of Necromancy | 1 | |
| Periapt of Vitality | 1 | |
| Scroll of Town Portal | 2 | |
4 total

»
t1ts (
pink | 33 APM | 402 actions | 12:03)
3 Blademaster
2 Critical Strike
1 Wind Walk
2 Tauren Chieftain
1 Endurance Aura
1 War Stomp
» actions
| Basic commands | 69 | |
| Build / train | 58 | |
| Enter build submenu | 14 | |
| Enter hero's abilities submenu | 5 | |
| Right click | 80 | |
| Select / deselect | 147 | |
| Use ability | 29 | |
402 total
» units
| Peon | 10 | |
| Grunt | 3 | |
| Troll Headhunter/Berserker | 9 | |
| Wind Rider | 2 | |
| Shaman | 3 | |
27 total
» upgrades
| Ranged Weapons | 2 | |
| Armor | 1 | |
| Troll Regeneration | 1 | |
| Shaman Training | 2 | |
| Berserker Upgrade | 1 | |
7 total
» buildings
| Altar of Storms | 1 | |
| Orc Burrow | 4 | |
| Barracks | 1 | |
| War Mill | 1 | |
| Voodoo Lounge | 1 | |
| Watch Tower | 2 | |
| Stronghold | 2 | |
| Spirit Lodge | 1 | |
| Beastiary | 1 | |
| Fortress | 3 | |
17 total
» build order
00:12 Altar of Storms
00:17 Orc Burrow
01:02 Barracks
01:19 Orc Burrow
02:03 War Mill
02:29 Voodoo Lounge
03:22 Watch Tower
03:26 Watch Tower
04:07 Stronghold
05:04 Orc Burrow
06:27 Orc Burrow
06:34 Spirit Lodge
06:38 Beastiary
07:04 Fortress
07:04 Fortress
07:04 Fortress
» items
team 2 (winner)
SR9C (
purple | 56 APM | 718 actions | 12:44)
5 Mountain King
3 Storm Bolt
2 Bash
2 Paladin
1 Holy Light
1 Divine Shield
» actions
| Assign group hotkey | 19 | |
| Basic commands | 20 | |
| Build / train | 45 | |
| ESC pressed | 1 | |
| Enter build submenu | 12 | |
| Enter hero's abilities submenu | 8 | |
| Give item / drop item | 4 | |
| Right click | 206 | |
| Select / deselect | 100 | |
| Select group hotkey | 239 | |
| Use ability | 64 | |
718 total
» units
» upgrades
| Defend | 1 | |
| Animal War Training | 1 | |
2 total
» buildings
| Lumber Mill | 1 | |
| Farm | 5 | |
| Barracks | 2 | |
| Altar of Kings | 1 | |
| Scout Tower | 1 | |
| Arcane Tower | 1 | |
| Arcane Vault | 1 | |
| Keep | 1 | |
| Blacksmith | 1 | |
| Castle | 1 | |
15 total
» build order
00:23 Lumber Mill
01:07 Farm
01:08 Farm
01:22 Barracks
01:38 Altar of Kings
01:42 Barracks
01:45 Scout Tower
02:23 Arcane Tower
02:35 Farm
02:57 Farm
02:59 Farm
03:07 Arcane Vault
05:04 Keep
05:48 Blacksmith
07:54 Castle
» items
| Scroll of Regeneration | 3 | |
| Lesser Clarity Potion | 3 | |
| Scroll of Town Portal | 1 | |
| Potion of Mana | 1 | |
| Potion of Healing | 1 | |
9 total
MASTA_K1LLA (
teal | 58 APM | 739 actions | 12:44)
4 Blademaster
2 Wind Walk
2 Critical Strike
» actions
| Basic commands | 127 | |
| Build / train | 41 | |
| Enter build submenu | 22 | |
| Enter hero's abilities submenu | 4 | |
| Remove unit from queue | 1 | |
| Right click | 314 | |
| Select / deselect | 172 | |
| Use ability | 58 | |
739 total
» units
» upgrades
| Pillage | 1 | |
| Armor | 2 | |
| Melee Weapons | 1 | |
| Ensnare | 1 | |
5 total
» buildings
| Altar of Storms | 1 | |
| Orc Burrow | 5 | |
| Voodoo Lounge | 1 | |
| Barracks | 1 | |
| War Mill | 1 | |
| Watch Tower | 3 | |
| Stronghold | 1 | |
| Beastiary | 3 | |
| Spirit Lodge | 1 | |
17 total
» build order
00:12 Altar of Storms
00:18 Orc Burrow
00:46 Voodoo Lounge
01:23 Barracks
01:51 Orc Burrow
02:48 Orc Burrow
04:14 War Mill
05:31 Watch Tower
05:36 Watch Tower
05:40 Stronghold
07:57 Watch Tower
08:01 Orc Burrow
08:25 Orc Burrow
09:25 Beastiary
09:43 Beastiary
11:36 Beastiary
11:42 Spirit Lodge
» items
| Healing Salve | 3 | |
| Lesser Clarity Potion | 3 | |
6 total
Jarlaxlerod (
green | 35 APM | 440 actions | 12:44)
4 Paladin
2 Holy Light
2 Devotion Aura
3 Mountain King
2 Storm Bolt
1 Bash
» actions
| Assign group hotkey | 8 | |
| Basic commands | 27 | |
| Build / train | 45 | |
| Enter build submenu | 19 | |
| Enter hero's abilities submenu | 7 | |
| Right click | 106 | |
| Select / deselect | 151 | |
| Select group hotkey | 36 | |
| Use ability | 41 | |
440 total
» units
» upgrades
| Defend | 1 | |
| Swords | 2 | |
| Plating | 2 | |
| Lumber Harvesting | 2 | |
| Masonry | 1 | |
| Animal War Training | 1 | |
9 total
» buildings
| Farm | 8 | |
| Altar of Kings | 1 | |
| Barracks | 1 | |
| Scout Tower | 5 | |
| Arcane Tower | 1 | |
| Keep | 1 | |
| Arcane Vault | 1 | |
| Blacksmith | 1 | |
| Lumber Mill | 1 | |
| Castle | 1 | |
| Guard Tower | 1 | |
22 total
» build order
00:15 Farm
00:20 Farm
00:29 Altar of Kings
00:35 Barracks
00:57 Farm
01:36 Farm
01:51 Scout Tower
02:28 Arcane Tower
02:33 Farm
03:24 Keep
04:03 Arcane Vault
04:19 Blacksmith
05:06 Farm
05:13 Lumber Mill
05:54 Scout Tower
05:55 Scout Tower
06:46 Castle
07:26 Guard Tower
09:38 Farm
10:54 Farm
11:33 Scout Tower
12:07 Scout Tower
» items

»
TEXANS-SUCKLOL (
orange | 99 APM | 1262 actions | 12:46)
5 Death Knight
3 Death Coil
1 Unholy Aura
1 Death Pact
3 Lich
2 Frost Nova
1 Dark Ritual
» actions
| Assign group hotkey | 29 | |
| Basic commands | 5 | |
| Build / train | 38 | |
| Enter build submenu | 12 | |
| Enter hero's abilities submenu | 8 | |
| Give item / drop item | 2 | |
| Right click | 616 | |
| Select / deselect | 131 | |
| Select group hotkey | 364 | |
| Use ability | 57 | |
1262 total
» units
| Acolyte | 2 | |
| Ghoul | 3 | |
| Crypt Fiend | 13 | |
18 total
» upgrades
| Web | 1 | |
| Burrow | 1 | |
| Creature Attack | 1 | |
3 total
» buildings
| Graveyard | 1 | |
| Crypt | 2 | |
| Altar of Darkness | 1 | |
| Ziggurat | 6 | |
| Tomb of Relics | 1 | |
| Nerubian Tower | 1 | |
| Halls of the Dead | 1 | |
13 total
» build order
00:09 Graveyard
00:12 Crypt
00:42 Altar of Darkness
01:02 Ziggurat
01:31 Tomb of Relics
02:03 Ziggurat
02:15 Nerubian Tower
04:03 Halls of the Dead
04:18 Ziggurat
05:00 Ziggurat
05:24 Crypt
09:34 Ziggurat
» items
| Rod of Necromancy | 2 | |
| Potion of Healing | 1 | |
| Potion of Mana | 1 | |
4 total
Chat log
(00:05 / Allies) MASTA_K1LLA: packers : D
(00:08 / Allies) SR9C: slut
(00:26 / Allies) TEXANS-SUCKLOL: they did well
(00:34 / Allies) MASTA_K1LLA: ya
(00:36 / All) fatboyfartz: lmao
(00:47 / All) TEXANS-SUCKLOL: not a bad offer
(00:54 / All) t1ts: I know it seems like a trap but its not
(00:58 / Allies) TEXANS-SUCKLOL: teal i played u yesterday, u were in the game with the halo player
(01:11 / Allies) MASTA_K1LLA: idk
(01:41 / Allies) TEXANS-SUCKLOL: and that barbara streisand player nvm
(01:48 / Allies) MASTA_K1LLA: dont remember
(02:08 / Allies) MASTA_K1LLA: have units for rush
(02:17 / Allies) TEXANS-SUCKLOL: hit at 3?
(04:53 / Allies) TEXANS-SUCKLOL: coming
(07:44 / Allies) MASTA_K1LLA: b
(08:36 / Allies) TEXANS-SUCKLOL: b
(08:39 / Allies) TEXANS-SUCKLOL: tp
(12:32 / All) TEXANS-SUCKLOL: leave